[Event "1000GM Spring GM-A 2024"]
[Site "New York"]
[Date "2024.03.28"]
[Round "1.1"]
[White "Ostrovskiy, Aleksandr"]
[Black "Shlyakhtenko, Robert"]
[Result "0-1"]
[ECO "B41"]
[WhiteElo "2411"]
[BlackElo "2384"]
[Annotator "TA"]
[PlyCount "92"]
[EventDate "2024.03.26"]
[EventType "tourn"]
[EventCountry "USA"]
[SourceTitle "playchess.com"]
[Source "ChessBase"]
[SourceQuality "1"]
[TimeControl "5400+30"]

1. e4 c5 2. Nf3 e6 3. d4 cxd4 4. Nxd4 a6 5. c4 Nf6 6. Nc3 Qc7 7. a3 b6 8. f4 Bb7 9. Bd3 Nc6 10. Nxc6 {[%emt 0:01:59] White is slightly better.} Qxc6 11. Qe2 Bc5 12. Be3 Bxe3 13. Qxe3 O-O-O (13... O-O $11) 14. O-O-O d5 15. cxd5 exd5 16. e5 d4 17. Bf5+ Kc7 $1 18. Rxd4 Rxd4 (18... Nd5 19. Qe4 Nxc3 20. Qxc6+ Bxc6 21. Rxd8 (21. bxc3 Rxd4 22. cxd4 g5 $11) 21... Rxd8 22. bxc3 $11) 19. Qxd4 Rd8 20. Qf2 g6 $1 21. exf6 gxf5 22. Re1 Qxf6 23. g3 Kb8 24. Qe3 Bc8 25. Kc2 Qc6 (25... Qh6 {simplifies} 26. Kb1 Qe6 27. Qe2 Qxe2 28. Rxe2 Be6) 26. Qe7 Rd7 27. Qe5+ Kb7 28. Re2 (28. Qxf5 $2 Rd2+ 29. Kxd2 Bxf5 $19) 28... Rc7 29. Qe8 Qc4 30. Re7 Bd7 31. Qd8 (31. Rxd7 $2 Qa4+ 32. Kb1 Qxd7 $19) 31... Qd4 32. Kb1 (32. Qf8 $11) 32... Qg1+ $1 $15 33. Kc2 (33. Ka2 Be6+ 34. b3 (34. Nd5 $2 Rxe7 35. Qxe7+ Kc6 $19) 34... Qxh2+ 35. Kb1 Qg1+ 36. Kc2 Qf2+ 37. Kb1 Qg1+ 38. Kb2 Qf2+ 39. Kb1 Qe1+ 40. Nd1 Qe4+ 41. Ka1 Rxe7 42. Qxe7+ Ka8 43. Qd8+ Ka7 44. Qc7+ Qb7 45. Qxb7+ Kxb7 $19) 33... Qxh2+ 34. Kb1 Qg1+ 35. Kc2 (35. Ka2 Be6+ 36. b3 (36. Nd5 $2 Rxe7 37. Qxe7+ Kc6 $19) 36... Qg2+ 37. Ka1 Qf1+ 38. Kb2 Qf2+ 39. Kb1 Qf1+ 40. Nd1 Rxe7 41. Qxe7+ Kc6 $17) 35... Qf2+ 36. Kb1 Qg1+ 37. Kc2 $1 (37. Ka2 Be6+ 38. b3 (38. Nd5 $2 Rxe7 39. Qxe7+ Kc6 $19) 38... Qh2+ 39. Kb1 Rxe7 40. Qxe7+ Kc6 41. Qe8+ Kc5 $19) 37... Qd4 (37... Qg2+ $1 $15 {might be stronger.} 38. Kc1 Qc6) 38. Kc1 {[%emt 0:00:54] [#]} (38. Kb1 $1 $11) 38... Qd3 $1 $17 {[%emt 0:02:34] ...h5 would now be deadly. Really sharp!} 39. a4 $2 {[%emt 0:00:44] This move loses the game for White.} (39. Rxf7 $2 {loses.} Rxc3+ 40. bxc3 Qxc3+ 41. Kd1 Qb3+ 42. Ke2 Qxf7 $19) (39. Qf8 $17) 39... b5 40. axb5 axb5 {[%emt 0:00:03] White must now prevent ...b4.} 41. Re2 $2 (41. Qf8) 41... Qxg3 ({Not} 41... Qxe2 42. Qxc7+ Kxc7 43. Nxe2 $17) 42. Rd2 Qxf4 {[%emt 0:02:04] [#] ...b4 is the strong threat.} 43. Kc2 Be6 {[%emt 0:07:53] Hoping for ...b4.} 44. Rd4 (44. Kb1 $142) 44... Qe5 {[%emt 0:01:00] Strongly threatening ...f4. Black is clearly winning.} 45. Kb1 f4 46. Rb4 Bc4 {[%emt 0:03:11] Weighted Error Value: White=0.47/Black=0.28 (precise) .  Loses game:     	White=1     	---        Mistake:       	White=4     	Black=2      Inaccurate:     	White=2     	Black=2      OK:         	White=15    	Black=12     Best:        	White=2     	Black=3      Strong:       	White=1     	Black=4} 0-1

[Event "1000GM Spring GM-A 2024"]
[Site "New York"]
[Date "2024.03.28"]
[Round "1.2"]
[White "Lomasov, Semyon"]
[Black "Zilka, Stepan"]
[Result "1/2-1/2"]
[ECO "C50"]
[WhiteElo "2565"]
[BlackElo "2589"]
[Annotator "TA"]
[PlyCount "31"]
[EventDate "2024.03.26"]
[EventType "tourn"]
[EventCountry "USA"]
[SourceTitle "playchess.com"]
[Source "ChessBase"]
[SourceQuality "1"]
[TimeControl "5400+30"]

1. e4 e5 2. Nf3 Nc6 3. Bc4 Bc5 4. d3 Nf6 5. Nc3 d6 6. a4 h6 {[%emt 0:01:08] Die Stellung ist ausgeglichen.} 7. O-O O-O 8. Be3 Nd4 9. h3 Nxf3+ 10. Qxf3 Bxe3 11. fxe3 Be6 12. Bxe6 fxe6 13. Qg3 Qe7 14. Rf3 Nh7 15. Raf1 Ng5 16. Rxf8+ {[%emt 0:03:34] Nicht viel passiert in dieser Partie.   Gewichteter Fehlerwert: Weiß=0.05 (makellos) /Schwarz=0.05 (makellos) .  OK:         	Weiß=3     	Schwarz=3} 1/2-1/2

[Event "1000GM Spring GM-A 2024"]
[Site "New York"]
[Date "2024.03.28"]
[Round "1.3"]
[White "Mardov, Dimitar"]
[Black "Sandeep, S.."]
[Result "1/2-1/2"]
[ECO "B90"]
[WhiteElo "2473"]
[BlackElo "1980"]
[Annotator "TA"]
[PlyCount "64"]
[EventDate "2024.03.26"]
[EventType "tourn"]
[EventCountry "USA"]
[SourceTitle "playchess.com"]
[Source "ChessBase"]
[SourceQuality "1"]
[TimeControl "5400+30"]

1. e4 c5 2. Nf3 d6 3. d4 cxd4 4. Nxd4 Nf6 5. Nc3 a6 6. h3 e5 7. Nb3 Be7 8. g4 h6 9. Be3 b5 {[%emt 0:00:06] The position is equal.} 10. Nd5 {[%emt 0:00:36] Nxf6+ would now be deadly.} Bb7 11. Bb6 Qc8 12. Nc7+ Kf8 13. f3 Nbd7 $1 14. Nxa8 Bxa8 {[%emt 0:00:04] [#]} (14... d5 $11 {keeps the balance.}) 15. Bf2 $1 $16 d5 16. Bg2 ({Only move:} 16. exd5 $16 {d6 is the strong threat.} Nxd5 17. a4) 16... dxe4 $11 17. fxe4 Nxe4 18. O-O Ndf6 {[%emt 0:05:58] aiming for ...h5. A dynamic duo of knights.} 19. Be3 g6 20. Nd2 (20. Qd3 $11) 20... Kg7 (20... Ng5 $1 $15) 21. Nxe4 Nxe4 22. Qd3 Rd8 23. Qe2 Ng3 $36 {[%emt 0:02:33][%csl LRe2,LRf1][%mdl 2048] Black fights for an advantage.} 24. Rxf7+ Kxf7 $15 25. Qf2+ {[%emt 0:00:04] [#]} Nf5 $1 26. Bxa8 {[%emt 0:01:06] Hoping for Be4.} Bh4 27. Qf1 Qxa8 ({Stronger than} 27... Qxc2 28. Bg2 Bg5 (28... Rd3 $2 29. Rc1 $18) 29. Bxg5 hxg5 30. gxf5 (30. Rc1 Qd3 $16) 30... gxf5 31. Rc1 $16) 28. gxf5 Qe4 29. fxg6+ Kxg6 30. Qg2+ Qxg2+ {[%emt 0:00:09] Black is slightly better.} 31. Kxg2 e4 32. Rg1 Bf6 {[%emt 0:04:45] Weighted Error Value: White=0.17 (very precise) /Black=0.16 (very precise) .  Mistake:       	White=3     	Black=2      Inaccurate:     	---       	Black=3      OK:         	White=12    	Black=9      Best:        	White=2     	Black=5      Strong:       	White=1     	Black=1} 1/2-1/2

[Event "1000GM Spring GM-A 2024"]
[Site "New York"]
[Date "2024.03.28"]
[Round "1.4"]
[White "Bortnyk, Mykola"]
[Black "Novik, Maxim"]
[Result "1-0"]
[ECO "B11"]
[WhiteElo "2453"]
[BlackElo "2415"]
[Annotator "TA"]
[PlyCount "143"]
[EventDate "2024.03.26"]
[EventType "tourn"]
[EventCountry "USA"]
[SourceTitle "playchess.com"]
[Source "ChessBase"]
[SourceQuality "1"]
[TimeControl "5400+30"]

1. e4 c6 2. Nc3 d5 3. Qf3 dxe4 4. Nxe4 Nf6 5. Bc4 e6 6. Ne2 Nbd7 7. d4 {[%emt 0:00:19] Dodges Ne5} Be7 8. O-O {[%emt 0:05:41] The position is equal.} O-O 9. Rd1 {[%emt 0:05:24] [#]} Ne5 $1 10. Nxf6+ Bxf6 11. Qc3 Nxc4 12. Qxc4 e5 13. Be3 Be6 14. Qc3 Qc7 {[%emt 0:18:51] [#]} 15. d5 $1 Bf5 (15... Bxd5 $2 {loses.} 16. Rxd5 a5 17. Ng3 $18) (15... Bg4 16. d6) 16. Ng3 Bg6 17. dxc6 bxc6 18. Qc4 Qb7 19. b3 Qb5 20. Qg4 Bxc2 {[%emt 0:03:55] [#]} (20... Qa5 $11) 21. Nh5 $1 $16 Bg6 22. Nxf6+ gxf6 {[%emt 0:00:02] Black is weak on the dark squares} 23. Qh4 $36 {[%emt 0:00:12][%mdl 2048] White has strong initiative.} Rfe8 24. Rd6 Rad8 25. Rxf6 Qe2 (25... a5 $16 26. Rc1 Qb4) 26. h3 $1 $18 (26. Bxa7 $2 {gets mated.} Rd1+ 27. Rxd1 Qxd1#) 26... Rd1+ 27. Rxd1 Qxd1+ 28. Kh2 Qd8 (28... Qd7 $142 29. Bh6 a5) 29. Bg5 Qd7 30. Qh6 (30. Bh6 $18) 30... Re6 $16 31. h4 {[%emt 0:00:09] Hoping for h5.} Qd6 (31... e4 $16 {was worth a try.} 32. Rxe6 Qxe6) 32. Rxe6 $1 $18 fxe6 {[%emt 0:05:18][%mdl 4096] Endgame. KQB-KQB} 33. h5 Bf5 34. Bf6 e4+ 35. g3 Qf8 {[%emt 0:00:07] Repels Qg7+} 36. Qg5+ Kf7 37. Bd4 a6 38. Kg1 (38. Qf4 $18) 38... Qd6 $16 39. Qg7+ Ke8 40. g4 {[%emt 0:01:21] White is more active.} Bxg4 41. Qxg4 (41. Qg8+ {looks sharper.} Kd7 42. Bf6 Qd1+ 43. Kh2) 41... Qxd4 {[%emt 0:00:08] KQ-KQ} 42. Qg8+ ({Don't do} 42. Qxe6+ Kf8 $18) 42... Ke7 43. Qxh7+ Kd6 44. Qg6 (44. Qf7 $14) 44... e3 $1 $11 45. fxe3 Qxe3+ 46. Kg2 Qe2+ 47. Kg3 {[%emt 0:00:02] aiming for Qf6.} Qe1+ 48. Kg4 Qe2+ 49. Kg5 Qe5+ 50. Kh6 Qh8+ 51. Kg5 {[%emt 0:00:08] Qf6 is the strong threat.} Qe5+ 52. Kg4 Qe2+ 53. Kh3 {[%emt 0:00:03] h6 would now be deadly.} Qf1+ 54. Qg2 Qf5+ (54... Qd1 $11 55. Kh4 Qd4+ 56. Qg4 Qf6+ 57. Qg5 Qd4+ 58. Qg4 Qd2) 55. Qg4 (55. Kh4 $18) 55... Qf1+ $16 56. Kh4 Qf6+ ({Black should try} 56... Ke7 $1 $14) 57. Kg3 Qc3+ 58. Qf3 Qg7+ 59. Kh4 ({White has to play} 59. Kh3 $16 {Threatens to win with Qg3+.} Qh6 60. Qg3+ Kd7 61. Qe5) 59... Qd4+ $1 $11 60. Kh3 Ke7 {[%emt 0:01:03] Dodges Qf8+} 61. Qg3 Qd2 $2 (61... Kf7 $11) 62. Qg7+ $18 Ke8 {[%emt 0:00:05] [#]} 63. h6 (63. Qf6 $1 $16) 63... Qe3+ $11 64. Kh4 {[%emt 0:01:17] Strongly threatening Qg6+.} Qf4+ 65. Kh5 {[%emt 0:00:01] And now Qg6+ would win.} Qh2+ $2 {[%emt 0:00:02] [#]} (65... Qf5+ $11 66. Qg5 Qf3+ 67. Qg4 Qd5+ 68. Kg6 Qd3+ 69. Kg7 Qd7+ 70. Kh8 Qf7) 66. Kg5 $1 $18 {[%emt 0:00:53] Black must now prevent Kf6.} Qxa2 $2 (66... Qd2+ $18 67. Kf6 Qd8+ 68. Kxe6 Qd5+ 69. Kf6 Qd4+ 70. Kg5 Qd5+ 71. Kg4 Qg2+ 72. Kf5 Qf3+ 73. Ke5 Qd5+ 74. Kf4 Qd2+ 75. Ke4 Qxa2) 67. Qg6+ {[%emt 0:32:19] White mates.} Ke7 68. Qf6+ Ke8 69. h7 Qd2+ 70. Kg6 Qg2+ 71. Kh6 Qh3+ 72. Kg7 {[%emt 0:00:00] Weighted Error Value: White=0.16 (very precise) /Black=0.19 (very precise) .  Loses game:     	---       	Black=4      Mistake:       	White=6     	Black=5      Inaccurate:     	White=1     	Black=1      OK:         	White=23    	Black=23     Best:        	White=7     	Black=6      Strong:       	White=4     	Black=2} 1-0

[Event "1000GM Spring GM-A 2024"]
[Site "New York"]
[Date "2024.03.28"]
[Round "1.5"]
[White "Huston, Gus"]
[Black "Lu, Maximillian"]
[Result "1-0"]
[ECO "A53"]
[WhiteElo "2401"]
[BlackElo "2375"]
[Annotator "RC"]
[PlyCount "125"]
[EventDate "2024.03.26"]
[EventType "tourn"]
[EventCountry "USA"]
[SourceTitle "playchess.com"]
[Source "ChessBase"]
[SourceQuality "1"]
[TimeControl "5400+30"]

1. d4 Nf6 2. c4 d6 3. Nc3 e5 4. d5 e4 5. Bg5 Be7 6. e3 O-O 7. Nge2 Bf5 8. Ng3 Qc8 9. Ncxe4 Bxe4 10. Nxe4 Nxe4 11. Bxe7 Qf5 12. f3 Re8 13. Bh4 Qh5 14. Bf2 Nxf2 15. Kxf2 Nd7 16. Qd4 Re7 17. Re1 a5 18. Bd3 Rae8 19. Bc2 Nc5 20. Qf4 b5 21. b3 Re5 22. h4 f5 23. cxb5 Rxd5 24. Qc4 Qf7 25. Rd1 Rde5 26. Qxf7+ Kxf7 27. Rhe1 Rb8 28. a4 g6 29. Rd4 Ne6 30. Rc4 Re8 31. Rd1 Rc5 32. Rxc5 Nxc5 33. Rb1 Ra8 34. Ke2 Ke6 35. Kd2 Kd7 36. b4 axb4 37. Rxb4 c6 38. bxc6+ Kxc6 39. Bd3 Nxd3 40. Kxd3 Kc5 41. Rc4+ Kd5 42. Kc3 h6 43. Kb3 g5 44. h5 Ra7 45. Rb4 Kc6 46. Rb5 Re7 47. Rxf5 Rxe3+ 48. Kb4 g4 49. Rf6 gxf3 50. gxf3 Re5 51. Rxh6 Rf5 52. Rh8 Rf4+ 53. Ka5 Rxf3 54. h6 Rh3 55. Ka6 Rh4 56. a5 Rh5 57. h7 Kd5 58. Kb6 Rh1 59. a6 Rb1+ 60. Kc7 Rc1+ 61. Kd7 Rg1 62. Rg8 Rf1 63. Rh8 1-0

[Event "1000GM Spring GM-A 2024"]
[Site "New York"]
[Date "2024.03.28"]
[Round "2.1"]
[White "Shlyakhtenko, Robert"]
[Black "Lu, Maximillian"]
[Result "1/2-1/2"]
[ECO "D90"]
[WhiteElo "2384"]
[BlackElo "2375"]
[Annotator "RC"]
[PlyCount "48"]
[EventDate "2024.03.26"]
[EventType "tourn"]
[EventCountry "USA"]
[SourceTitle "playchess.com"]
[Source "ChessBase"]
[SourceQuality "1"]
[TimeControl "5400+30"]

1. d4 Nf6 2. c4 g6 3. Nc3 d5 4. Nf3 Bg7 5. h4 dxc4 6. e4 c5 7. d5 b5 8. h5 Nxh5 9. Nxb5 Qa5+ 10. Nc3 Nd7 11. Bd2 Rb8 12. Rb1 Ba6 13. g4 Nhf6 14. Bh3 h5 15. gxh5 Nxh5 16. Bxd7+ Kxd7 17. Ng5 Nf4 18. Qg4+ f5 19. Rxh8 Rf8 20. Rg8 Rxg8 21. Qxf4 Rh8 22. Ke2 Rh1 23. Re1 Rxe1+ 24. Kf3 fxe4+ 1/2-1/2

[Event "1000GM Spring GM-A 2024"]
[Site "New York"]
[Date "2024.03.28"]
[Round "2.2"]
[White "Novik, Maxim"]
[Black "Huston, Gus"]
[Result "1-0"]
[ECO "A04"]
[WhiteElo "2415"]
[BlackElo "2401"]
[Annotator "TA"]
[PlyCount "105"]
[EventDate "2024.03.26"]
[EventType "tourn"]
[EventCountry "USA"]
[SourceTitle "playchess.com"]
[Source "ChessBase"]
[SourceQuality "1"]
[TimeControl "5400+30"]

1. Nf3 c5 2. g3 g6 3. Bg2 Bg7 4. d4 cxd4 5. Nxd4 Nc6 6. Nxc6 dxc6 7. Qxd8+ Kxd8 8. O-O Nf6 9. Rd1+ Nd7 10. Na3 Kc7 11. Nc4 {[%emt 0:02:41] The position is equal.} b6 12. e4 Rd8 13. Bf4+ e5 14. Be3 Ba6 15. Bf1 f6 16. a4 (16. Nxe5 $2 Bxf1 17. Nf7 Rf8 18. Kxf1 Rxf7 $19) 16... Bxc4 $1 17. Bxc4 a5 18. Be6 {[%emt 0:02:23] This pair of bishops is nice.} Nc5 19. Bxc5 bxc5 20. Kf1 Rd4 21. c3 Rd6 22. Rxd6 Kxd6 $14 {[%emt 0:00:02][%mdl 4096] Endgame. KRB-KRB} 23. Bg4 Ke7 24. Rd1 Rd8 {[%emt 0:02:14] Prevents Rd7+} 25. Rxd8 Kxd8 {[%emt 0:00:01] KB-KB} 26. Be6 Bf8 27. Bg8 Ke8 28. h4 (28. Bxh7 $2 Kf7 29. b3 Kg7 30. Bxg6 Kxg6 $19) 28... h5 29. Ke2 Bd6 30. Kd3 Ke7 31. Kc4 f5 32. Kd3 f4 33. Bc4 Ke8 34. Be6 Be7 35. Ke2 g5 36. g4 gxh4 {[%emt 0:10:00] Black is on the road to losing.} (36... hxg4 $14 37. h5 (37. Bxg4 gxh4 38. c4 h3 $11) 37... Kf8) 37. gxh5 $16 Kf8 38. Kf3 Kg7 39. Kg4 {[%emt 0:02:35] White is more active.} Kh6 40. Bf7 c4 41. Bxc4 $18 h3 {[%emt 0:00:52] [#] ...h2 would now be deadly.} 42. Be2 $1 ({Don't play} 42. Kxh3 $6 Kxh5 43. Bf7+ Kg5 $16) 42... h2 $2 (42... Bc5 {keeps fighting.} 43. Kxh3 Kg7) 43. Bf3 {[%emt 0:00:04] Threatens to win with Kf5.} Bc5 $2 (43... Bd6 44. Kf5 Bc7) 44. Kf5 Bxf2 45. Kxe5 Kg5 46. Kd6 {[%emt 0:04:50][%cal Oe4e5] [#] Prevents Bc5+. e5! is the strong threat.} Ba7 (46... Be1 $142 47. e5 (47. Kxc6 Kh4 $18) 47... Kh4) 47. e5 Bb8+ 48. Ke6 {[%emt 0:00:04] Hoping for h6.} c5 49. Kd5 Bc7 50. e6 Bd8 51. Kxc5 {[%emt 0:01:53] Threatening mate with Kd6.} Kh4 52. Kd5 Kg3 53. Ke4 {[%emt 0:00:02] Weighted Error Value: White=0.03 (flawless) /Black=0.50.  Mistake:       	---       	Black=5      Inaccurate:     	White=2     	Black=1      OK:         	White=19    	Black=17     Best:        	White=6     	Black=2      Strong:       	White=1     	Black=1} 1-0

[Event "1000GM Spring GM-A 2024"]
[Site "New York"]
[Date "2024.03.28"]
[Round "2.3"]
[White "Sandeep, S.."]
[Black "Bortnyk, Mykola"]
[Result "1/2-1/2"]
[ECO "E32"]
[WhiteElo "1980"]
[BlackElo "2453"]
[Annotator "RC"]
[PlyCount "221"]
[EventDate "2024.03.26"]
[EventType "tourn"]
[EventCountry "USA"]
[SourceTitle "playchess.com"]
[Source "ChessBase"]
[SourceQuality "1"]
[TimeControl "5400+30"]

1. d4 Nf6 2. c4 e6 3. Nc3 Bb4 4. Qc2 O-O 5. e4 d5 6. e5 Ne4 7. Nf3 c5 8. Bd3 cxd4 9. Nxd4 Nd7 10. Bf4 Qb6 11. Nb3 Bxc3+ 12. bxc3 f6 13. Be3 Qc7 14. cxd5 exd5 15. f3 Qxc3+ 16. Qxc3 Nxc3 17. exf6 gxf6 18. a4 Ne5 19. Kd2 d4 20. Bxd4 Nxd3 21. Kxc3 Bf5 22. g4 Bg6 23. h4 Rac8+ 24. Kd2 Ne5 25. Ke3 Rfe8 26. Bxe5 Rc3+ 27. Kf2 fxe5 28. Nd2 e4 29. fxe4 Rc2 30. Rhd1 Rxe4 31. h5 Be8 32. Rac1 Rxc1 33. Rxc1 Rxg4 34. Rc8 Kf8 35. a5 Ra4 36. Nb3 Rb4 37. Nc5 Ke7 38. Ra8 a6 39. Ra7 Bc6 40. Nxa6 Rb2+ 41. Kg3 Kd6 42. Nb8 Bd5 43. a6 Kc7 44. Ra8 b5 45. Ra7+ Kxb8 46. Rxh7 Rg2+ 47. Kf4 Rh2 48. h6 Bc6 49. Ke5 b4 50. Kd6 Be4 51. Re7 Rh4 52. h7 Bxh7 53. Rb7+ Ka8 54. Kc5 Bd3 55. Rxb4 Rh5+ 56. Kb6 Rh6+ 57. Kc5 Ka7 58. Kd4 Bf1 59. Rb1 Rf6 60. Ke5 Rf2 61. Kd4 Kxa6 62. Kc5 Rf5+ 63. Kd4 Bb5 64. Re1 Kb6 65. Re6+ Bc6 66. Re1 Rf4+ 67. Ke5 Rf8 68. Rb1+ Kc7 69. Rg1 Re8+ 70. Kd4 Kb6 71. Rg5 Re4+ 72. Kd3 Rh4 73. Ke3 Bh1 74. Rf5 Kc6 75. Rf4 Rh6 76. Kd4 Kd6 77. Rf5 Rh4+ 78. Ke3 Re4+ 79. Kd3 Re1 80. Rg5 Bd5 81. Kd4 Re4+ 82. Kd3 Ra4 83. Ke3 Kc5 84. Rg1 Ra8 85. Rg3 Re8+ 86. Kd3 Bc4+ 87. Kc3 Rb8 88. Re3 Kd5 89. Re7 Rb3+ 90. Kc2 Rh3 91. Rg7 Bd3+ 92. Kd2 Bf5 93. Ra7 Be6 94. Ra4 Ke5 95. Rb4 Bf5 96. Ra4 Rd3+ 97. Ke2 Be4 98. Ra7 Rb3 99. Kd2 Bc6 100. Ra6 Bb5 101. Ra8 Ke4 102. Rd8 Bc6 103. Kc2 Rh3 104. Rb8 Ba4+ 105. Kb2 Kd3 106. Rd8+ Kc4 107. Rc8+ Kb4 108. Rb8+ Bb5 109. Rc8 Rh2+ 110. Rc2 Rxc2+ 111. Kxc2 1/2-1/2

[Event "1000GM Spring GM-A 2024"]
[Site "New York"]
[Date "2024.03.28"]
[Round "2.4"]
[White "Zilka, Stepan"]
[Black "Mardov, Dimitar"]
[Result "1/2-1/2"]
[ECO "B45"]
[WhiteElo "2589"]
[BlackElo "2473"]
[Annotator "TA"]
[PlyCount "61"]
[EventDate "2024.03.26"]
[EventType "tourn"]
[EventCountry "USA"]
[SourceTitle "playchess.com"]
[Source "ChessBase"]
[SourceQuality "1"]
[TimeControl "5400+30"]

1. e4 c5 2. Nf3 e6 3. d4 cxd4 4. Nxd4 Nf6 5. Nc3 Nc6 6. Nxc6 bxc6 7. e5 Nd5 8. Ne4 Bb7 9. Be2 c5 10. O-O Qc7 11. c4 {[%emt 0:08:26] Weiß hat minimalen Vorteil.} Ne3 12. Bxe3 Bxe4 13. f4 Be7 14. Bf3 Bxf3 15. Rxf3 O-O 16. Rh3 g6 $1 {[%emt 0:03:26] Pariert Qh5.} 17. Qe1 f6 18. Bd2 fxe5 19. fxe5 Rf5 20. Bc3 Raf8 21. Rd1 Qc6 22. Rhd3 {[%emt 0:00:29] [#]} (22. Qe2 $11 {bleibt in der Remisbreite.}) 22... Rf4 (22... Qa4 $1 $17) 23. Rxd7 $11 Bh4 24. g3 $1 {[%emt 0:00:29] Und jetzt Qe2 wäre schön. Das Brett brennt.} Rf1+ ({Viel schwächer wäre} 24... Rxc4 $6 25. Qd2 (25. gxh4 $2 {verliert.} Rg4+ $19) 25... Qf3 26. Qg2 (26. gxh4 $2 {ist ein Selbstmatt.} Rg4+) 26... Qe3+ 27. Kh1 $14) 25. Qxf1 Rxf1+ 26. Kxf1 {[%emt 0:00:35][%cal Of1f2] [#] Kf2! wäre nun fies.} Qf3+ 27. Kg1 ({Vorzuziehen ist} 27. Ke1 $1 $11) 27... Bg5 $15 28. Rd8+ $1 Bxd8 29. Rxd8+ Kg7 30. Rd7+ Kg8 {[%emt 0:01:36][%mdl 1024] Schwarz hat Kompensation.} 31. Rd8+ {[%emt 0:00:25] Gewichteter Fehlerwert: Weiß=0.12 (sehr präzise) /Schwarz=0.08 (makellos) .  Fehler:       	Weiß=2     	Schwarz=1     Ungenau:       	Weiß=1     	---        OK:         	Weiß=8     	Schwarz=11    Bester:       	Weiß=2     	Schwarz=1     Stark:        	Weiß=2     	Schwarz=1} 1/2-1/2

[Event "1000GM Spring GM-A 2024"]
[Site "New York"]
[Date "2024.03.28"]
[Round "2.5"]
[White "Ostrovskiy, Aleksandr"]
[Black "Lomasov, Semyon"]
[Result "0-1"]
[ECO "C55"]
[WhiteElo "2411"]
[BlackElo "2565"]
[Annotator "TA"]
[PlyCount "74"]
[EventDate "2024.03.26"]
[EventType "tourn"]
[EventCountry "USA"]
[SourceTitle "playchess.com"]
[Source "ChessBase"]
[SourceQuality "1"]
[TimeControl "5400+30"]

1. e4 e5 2. Nf3 Nc6 3. Bc4 Nf6 4. d3 h6 5. c3 d6 6. a4 g6 7. O-O Bg7 8. Re1 {[%emt 0:02:29] Weiß steht etwas besser.} O-O 9. a5 a6 10. Nbd2 b5 11. Bb3 Bb7 12. d4 (12. Bc2 $11) 12... exd4 $17 13. cxd4 Nb4 14. e5 dxe5 15. dxe5 Nh5 16. Ne4 {[%emt 0:04:44] [#]} Qxd1 $1 17. Bxd1 Nd3 {[%emt 0:00:12][%csl LRe1,LRe5] Pariert Nc5.} 18. Re3 Rad8 (18... Nxe5 $2 19. Nxe5 Rad8 (19... Bxe5 $2 20. Nc5 $18) 20. Bxh5 gxh5 21. f4 $18) 19. Bc2 {[%emt 0:02:13] [#]} Nhf4 (19... Nxe5 $2 20. Nxe5 Bxe4 (20... Bxe5 $2 21. Nc5 $18) 21. Rxe4 $18) 20. Kf1 Nxe5 {[%emt 0:02:48] Schwarz steht deutlich aktiver.} (20... Bxe5 $2 21. Nxe5 Nxe5 22. Nf6+ Kg7 23. Rxe5 $18) 21. Nxe5 Bxe5 22. Nc5 {[%emt 0:00:36] Ein Fehler, der zur Niederlage führt.} (22. Re1 $17) 22... Bxg2+ $19 23. Kg1 Bd6 24. Ne4 {[%emt 0:00:44] Und Nxd6 würde nun gewinnen.} Bxe4 25. Rxe4 g5 26. Bxf4 Bxf4 (26... gxf4 27. Rd1) 27. Rd1 Kg7 28. h4 Kf6 29. hxg5+ hxg5 30. Ree1 Bd2 31. Re2 Bb4 32. Rc1 Rd2 (32... Bxa5 33. Ra1 Bb6 34. Rxa6) 33. Bd1 (33. Rxd2 $142 Bxd2 34. Rd1 Bxa5 35. f4) 33... Rfd8 ({Nicht} 33... Bxa5 34. Rxd2 Bxd2 35. Rxc7 $17) 34. Rxd2 Rxd2 (34... Bxd2 35. Rxc7 Bxa5 36. Rc6+ Kg7 37. Bf3 $17) 35. Rc6+ Kg7 36. Bh5 Bxa5 37. Rxa6 Bb6 {[%emt 0:00:00] Gewichteter Fehlerwert: Weiß=0.27 (präzise) /Schwarz=0.07 (makellos) .  Fehler:       	Weiß=3     	---        Ungenau:       	Weiß=1     	---        OK:         	Weiß=9     	Schwarz=13    Bester:       	Weiß=1     	Schwarz=2     Stark:        	---       	Schwarz=1} 0-1

[Event "1000GM Spring GM-A 2024"]
[Site "New York"]
[Date "2024.03.29"]
[Round "3.1"]
[White "Lomasov, Semyon"]
[Black "Shlyakhtenko, Robert"]
[Result "1/2-1/2"]
[ECO "B40"]
[WhiteElo "2565"]
[BlackElo "2384"]
[Annotator "TA"]
[PlyCount "30"]
[EventDate "2024.03.26"]
[EventType "tourn"]
[EventCountry "USA"]
[SourceTitle "playchess.com"]
[Source "ChessBase"]
[SourceQuality "1"]
[TimeControl "5400+30"]

1. e4 c5 2. Nf3 e6 3. b3 a6 4. Bb2 Nc6 5. c4 Qc7 {[%emt 0:01:04] The position is equal.} 6. g3 Nf6 7. e5 Ng4 8. Qe2 b5 9. Bg2 bxc4 10. bxc4 Rb8 11. Bc3 Be7 12. O-O O-O 13. d3 f6 14. exf6 Bxf6 15. Bxf6 Nxf6 {[%emt 0:00:59] A rather calm draw.   Weighted Error Value: White=0.01 (flawless) /Black=0.01 (flawless) .  OK:         	White=4     	Black=6} 1/2-1/2

[Event "1000GM Spring GM-A 2024"]
[Site "New York"]
[Date "2024.03.29"]
[Round "3.2"]
[White "Mardov, Dimitar"]
[Black "Ostrovskiy, Aleksandr"]
[Result "1/2-1/2"]
[ECO "D36"]
[WhiteElo "2473"]
[BlackElo "2411"]
[Annotator "TA"]
[PlyCount "53"]
[EventDate "2024.03.26"]
[EventType "tourn"]
[EventCountry "USA"]
[SourceTitle "playchess.com"]
[Source "ChessBase"]
[SourceQuality "1"]
[TimeControl "5400+30"]

1. d4 d5 2. Nf3 Nf6 3. c4 e6 4. Nc3 Nbd7 5. cxd5 exd5 6. Bg5 c6 7. e3 h6 8. Bh4 Be7 9. Bd3 Ne4 10. Bxe7 Qxe7 11. O-O O-O 12. Qc2 Re8 13. Rab1 a5 14. h3 Ndf6 15. Ne5 Nd6 16. Rbe1 Be6 17. f3 Rad8 {[%emt 0:04:37] The position is equal.} 18. Ne2 Nd7 19. Nf4 {[%emt 0:02:17] [#] And now Bh7+ would win.} (19. Nxd7 {simplifies} Bxd7 20. e4 dxe4 21. fxe4 Nb5 22. a4) 19... Qf6 20. Qc3 Bf5 21. e4 (21. Qxa5 $2 Nxe5 22. dxe5 Rxe5 $17 (22... Qxe5 23. Qb6 $17)) 21... Bh7 22. Nxd5 cxd5 23. Nxd7 Rxd7 24. e5 Qd8 25. exd6 Rxe1 26. Rxe1 Bxd3 27. Qxd3 {[%emt 0:00:15] An uneventful encounter.   Weighted Error Value: White=0.04 (flawless) /Black=0.05 (flawless) .  OK:         	White=6     	Black=5      Best:        	White=1     	---} 1/2-1/2